cohdb
Replays
Latest Replays
All Replays
Popular Replays
Top Player Replays
Match Explorer
How It Works
Community
CoH3 Stats
Reddit
Sign in to upload your games and track your stats! →
Sign in with Steam
Match 42726112
Unlisted
Match 42726112
Overview
Messages
Build Orders
End
Engineer Squad
Construct Barracks
Riflemen Squad
Riflemen Squad
Grenade Package
Construct Medical Station
Riflemen Squad
M1 Mortar Team
Infantry Support Center
Selects Special Operations Battlegroup
Selects Raiding Flares
Selects Smoke Screen
ßoo
Granger
Grinch
Cun Cunnel
Lord Parmigiano
6ec95vjq
0
0
Comments
sign in to comment!
No comments posted yet!